 Dungeon Crawl Stone Soup version 0.32-a0-571-gec57dfcd37 (webtiles) character file.

Game seed: 4359022158860659676

247 cforsyth the Grave Robber (level 5, 0/46 HPs)
             Began as a Mountain Dwarf Necromancer on Mar 1, 2024.
             Slain by an orc
             ... wielding a +0 flail
              (1 damage)
             ... on level 4 of the Dungeon.
             The game lasted 00:08:29 (3920 turns).

cforsyth the Grave Robber (MDNe)                    Turns: 3920, Time: 00:08:30

Health: 0/46       AC: 11    Str: 11 (12) XL:     5   Next: 85%
Magic:  7/7        EV:  2    Int: 14 (16) God:
Gold:   145        SH:  0    Dex:  7 (10) Spells: 6/7 levels left

rFire   + . .        p - +0 war axe (chaos)
rCold   . . .        (no shield)
rNeg    . . .        q - +0 plate armour
rPois   .            (no helmet)
rElec   .            w - +0 cloak
rCorr   .            (no gloves)
SInv    +            (no boots)
Will    +....        (no amulet) Stlth
                     W - ring of willpower
HPRegen 0.27/turn    (no ring)
MPRegen 0.10/turn

%: no passive effects
@: mighty, weak-willed, attractive, enlightened, flying
A: runic magic, artefact enchanting, fire resistance 1, mutation resistance 1
a: Convert to Beogh


You were on level 4 of the Dungeon.
You visited 2 branches of the dungeon, and saw 6 of its levels.

You collected 145 gold pieces.


Innate Abilities, Weirdness & Mutations

Your spellcasting is much less encumbered by armour.
You can use scrolls of enchantment on lesser artefacts.
Your flesh is heat resistant. (rF+)
You are somewhat resistant to further mutation.


   Skills:
 + Level 3.8 Fighting
 + Level 2.9 Axes
 - Level 1.3 Dodging
 - Level 1.4 Stealth
 - Level 1.7 Spellcasting
 + Level 6.0 Necromancy


You had 6 spell levels left.
You knew the following spells:

 Your Spells              Type           Power      Damage    Failure   Level
X - Necrotise             Necr           72%        1d7       9%          1

Your spell library contained the following spells:

 Spells                   Type           Power      Damage    Failure   Level
 Vampiric Draining        Necr           18%        2d7       26%         3
 Animate Dead             Necr           18%        N/A       65%         4
 Curse of Agony           Necr           18%        N/A       94%         5

Inventory:

Hand Weapons
 o - a +3 dagger
 p - a +0 war axe of chaos (weapon)
Armour
 q - a +0 plate armour (worn)
 w - a +0 cloak (worn)
Jewellery
 W - a ring of willpower (left hand)
Scrolls
 d - a scroll of immolation {unknown}
 e - a scroll of enchant armour {unknown}
 f - 3 scrolls of fear
 u - a scroll of identify {unknown}
Potions
 b - a potion of magic
 h - a potion of mutation
 m - a potion of lignification
 v - a potion of might
 x - a potion of curing {@q1}

Dungeon Overview and Level Annotations

Branches:
Dungeon (5/15)             Temple (1/1) D:4

Altars:
Ashenzari
Dithmenos
Fedhas
Gozag
Hepliaklqana
Nemelex Xobeh
Qazlal
Ru
Sif Muna
Trog
Vehumet
Zin
The Shining One

Annotations:
D:2 Sigmund
D:4 Eustachio

##......##....##..÷.#######
#.......##........#.####
#..#.########'###.#.####
#..#.....###......#.##### ##
#[.#####.<##......#...[.# #.
#.........##.>....#####)# #.
#......##.###..#......#.# #.
#####.#........#oo###.#.########o
*...#.#.##....@oo§.§..)........
#.###.#......ßoß.ß..#.#####....
#......##.#...⌠.⌠..+#.# #..^.
########......ß.>.ß....# #....
#......#.##....⌠.⌠.....### #....
#.[....#.##...ß.ß.ß....'.# #....
#......#...)..........[#.# #....
#.)....####..#.###.....+.# #....
#<)....#.......# #.....### #....


You could see an orc priest (weak-willed) and 4 orcs.


Message History

* * * LOW HITPOINT WARNING * * *
It was a potion of might.
You feel very mighty all of a sudden. The orc hits you with a +0 short sword.
* * * LOW HITPOINT WARNING * * *
It was a potion of degeneration.
There was something very wrong with that liquid.
You feel weakened.
You feel dopey.
You feel clumsy. The orc hits you but does no damage.
It was a potion of enlightenment.
You feel very buoyant.
You fly up into the air.
The orc hits you but does no damage. x2
It was a potion of attraction.
You feel attractive to monsters. The orc hits you with a +0 flail.
* * * LOW HITPOINT WARNING * * *
The orc hits you with a +0 short sword.
* * * LOW HITPOINT WARNING * * *
The orc priest is attracted toward you. The orc is attracted toward you.
Something is attracted toward you.
Unknown command.
As you read the scroll labelled LOVICI DEBLUC, it crumbles to dust.
A wave of despondency washes over your surroundings.
It was a scroll of vulnerability.
The orc hits you but does no damage. The orc hits you with a +0 short sword.
* * * LOW HITPOINT WARNING * * *
As you read the scroll labelled VEAKA REASUZA, it crumbles to dust.
You feel aware of your surroundings.
You sensed 2 altars.
It was a scroll of revelation.
The orc hits you with a +0 flail.
You die...

Skill      XL: |  1  2  3  4  5 |
---------------+----------------+-----
Fighting       | 1 2 3 |  3.8
Necromancy     | 5 6 |  6.0
Axes           | 1 2 |  2.9
Dodging        | |  1.3
Stealth        | |  1.4
Spellcasting   | |  1.7

Action                     |  1- 3 |  4- 6 || total
---------------------------+-------+-------++-------
  Melee: Unarmed           |    15 |       ||    15
         Punch             |     1 |       ||     1
         Dagger            |     6 |    33 ||    39
         War axe           |       |     6 ||     6
   Cast: Necrotise         |    60 |    44 ||   104
    Use: Potion            |       |     8 ||     8
         Scroll            |       |     7 ||     7
 Armour: Robe              |    22 |       ||    22
         Leather armour    |     7 |       ||     7
         Plate armour      |     2 |   103 ||   105
         Skin              |       |     2 ||     2
  Dodge: Dodged            |    35 |     6 ||    41

Levels and vault maps discovered:
D:1:      minmay_arrival_jagged, layout_loops_ring,
          shapermc_ecumenical_altar_mp_ritualfount
D:2:      layout_loops_corners, uniq_robin, uniq_sigmund
D:3:      layout_rooms
D:4:      layout_basic, overflow_temple_1_default, overflow_temple_1_default,
          minmay_temple_entry_statues_fountains, serial_rivers,
          chequers_serial_rivers_small_a, chequers_serial_rivers_micro_b,
          chequers_serial_rivers_micro_c, chequers_serial_rivers_micro_e,
          chequers_serial_rivers_large_a, chequers_serial_rivers_micro_e,
          uniq_eustachio
D:5:      minmay_angry_zag, layout_loops_ring, dancing_weapons_uskayaw,
          lemuel_zombie_altar_kikubaaqudgha, grunt_decor_one_mirror,
          st_stairs_4, uniq_prince_ribbit1, uniq_menkaure, uniq_blork_the_orc
Temple:   dshaligram_water_room_temple

Notes
Turn   | Place    | Note
-------+----------+-------------------------------------------
     0 | D:1      | cforsyth the Mountain Dwarf Necromancer began the quest for
                  | the Orb.
     0 | D:1      | Reached XP level 1. HP: 14/14 MP: 3/3
   209 | D:1      | Reached skill level 1 in Fighting
   364 | D:1      | Reached XP level 2. HP: 23/23 MP: 2/4
   472 | D:1      | Found a faded altar of an unknown god.
   850 | D:2      | Noticed Sigmund
  1212 | D:3      | Reached skill level 2 in Fighting
  1212 | D:3      | Reached skill level 5 in Necromancy
  1212 | D:3      | Reached XP level 3. HP: 24/29 MP: 0/5
  2295 | D:3      | Reached XP level 4. HP: 37/37 MP: 3/6
  2540 | D:4      | Noticed an ogre
  2593 | D:4      | Reached skill level 1 in Axes
  2602 | D:4      | HP: 3/37 [iguana (5)]
  2605 | D:4      | Gained mutation: Your flesh is heat resistant. (rF+)
                  | [potion of mutation]
  2605 | D:4      | Gained mutation: You are somewhat resistant to further
                  | mutation. [potion of mutation]
  2609 | D:4      | Reached skill level 3 in Fighting
  2778 | D:4      | Found a staircase to the Ecumenical Temple.
  2802 | Temple   | Entered the Ecumenical Temple
  2849 | D:4      | Reached XP level 5. HP: 41/45 MP: 0/7
  2872 | D:4      | Reached skill level 2 in Axes
  3343 | D:4      | Noticed Eustachio
  3359 | D:5      | Entered Level 5 of the Dungeon
  3361 | D:5      | Noticed an ogre
  3384 | D:4      | Reached skill level 6 in Necromancy
  3484 | D:4      | Identified a scroll of acquirement
  3484 | D:4      | Acquired 872 gold pieces
  3912 | D:4      | HP: 4/46 [orc priest/divine providence (11)]
  3918 | D:4      | HP: 3/46 [orc/+0 short sword (2)]
  3919 | D:4      | HP: 1/46 [orc/+0 short sword (3)]
  3920 | D:4      | Slain by an orc

Vanquished Creatures
  A hound (D:4)
  A bombardier beetle (D:4)
  An orc priest (D:4)
  An iguana (D:4)
  An orc wizard (D:4)
  5 adders
  8 orcs
  2 endoplasms
  6 giant cockroaches
  3 goblins
  3 hobgoblins
  3 jackals (D:2)
  5 ball pythons
  3 bats
  2 frilled lizards
  7 kobolds
  3 rats (D:3)
55 creatures vanquished.

Vanquished Creatures (collateral kills)
  An orc (D:3)
  A ball python (D:4)
  A rat (D:1)
3 creatures vanquished.

Grand Total: 58 creatures vanquished

Table legend: (Time is in decaauts)
 A = Elapsed time spent in this place.
 B = Non-inter-level travel time spent in this place.
 C = Inter-level travel time spent in this place.
 D = Time resting spent in this place.
 E = Time spent auto-exploring this place.
 F = Levels seen in this place.
 G = Mean time per level.
                   A        B        C        D        E       F      G
               +--------+--------+--------+--------+--------+-----+--------+
         Total |   3944 |   3757 |    187 |    770 |   2160 |   6 |  657.3 |
       Dungeon |   3932 |   3745 |    187 |    770 |   2150 |   5 |  786.4 |
        Temple |     11 |     11 |      0 |      0 |     10 |   1 |   11.0 |
               +--------+--------+--------+--------+--------+-----+--------+

Top non-repeatable levels by time:
     D:4: 1227 daAuts
     D:3: 1186 daAuts
     D:1: 930 daAuts
     D:2: 581 daAuts
  Temple: 11 daAuts
     D:5: 6 daAuts

Table legend:
 A = Non-vault XP
 B = Vault XP
 C = Vault XP percentage of total XP
 D = Non-vault monster count
 E = Vault monster count
 F = Vault count percentage of total count
                 A         B        C        D         E       F
            +---------+---------+-------+---------+---------+-------
      Total |     354 |       0 |   0.0 |      58 |       0 |   0.0
            +---------+---------+-------+---------+---------+-------
        D:1 |      16 |       0 |   0.0 |      12 |       0 |   0.0
        D:2 |      25 |       0 |   0.0 |       8 |       0 |   0.0
        D:3 |      64 |       0 |   0.0 |      20 |       0 |   0.0
        D:4 |     246 |       0 |   0.0 |      17 |       0 |   0.0
        D:5 |       3 |       0 |   0.0 |       1 |       0 |   0.0
            +---------+---------+-------+---------+---------+-------
